[Event "ICC Open 2015"]
[Site "Internet Chess Club"]
[Date "2015.05.29"]
[Round "2"]
[White "Perseus"]
[Black "JEMEM"]
[Result "1-0"]
[ICCResult "Black checkmated"]
[WhiteElo "2443"]
[BlackElo "1996"]
[Opening "Queen's pawn game, Zukertort variation"]
[ECO "A46"]
[NIC "QP.06"]
[Time "14:14:02"]
[TimeControl "180+0"]

1. d4 Nf6 2. Nf3 e6 3. Nbd2 d5 4. e3 c5 5. b3 Nc6 6. Bb2 Qc7 7. a3 b6 8. Bd3
Be7 9. O-O O-O 10. Rc1 Bb7 11. c4 dxc4 12. bxc4 cxd4 13. exd4 Rfd8 14. Qe2
Qd7 15. Rfd1 Qe8 16. Ne4 Nxe4 17. Qxe4 g6 18. Qg4 Bf6 19. h4 Ne7 20. Qf4 Nf5
21. Bxf5 exf5 22. Ne5 Bxe5 23. dxe5 Qc6 24. f3 Qe6 25. Rd6 Qe7 26. h5 Rd7
27. hxg6 hxg6 28. Rcd1 Rad8 29. Qh6 Qf8 30. Qh4 Rxd6 31. exd6 f6 32. Bxf6
Rd7 33. Qh8+ Kf7 34. Qh7+ Ke8 35. Re1+ Re7 36. Rxe7+ Kd8 37. Rf7+ Kc8 38.
Rxf8# {Black checkmated} 1-0

[Event "ICC Open 2015"]
[Site "Internet Chess Club"]
[Date "2015.05.29"]
[Round "2"]
[White "AlexSlizhevsky"]
[Black "sakram07"]
[Result "1-0"]
[ICCResult "Black checkmated"]
[WhiteElo "2085"]
[BlackElo "1714"]
[Opening "French: Winawer, advance, poisoned pawn variation"]
[ECO "C18"]
[NIC "FR.11"]
[Time "14:14:06"]
[TimeControl "180+0"]

1. e4 e6 2. d4 d5 3. Nc3 Bb4 4. e5 c5 5. a3 Bxc3+ 6. bxc3 Ne7 7. Qg4 O-O 8.
Bd3 c4 9. Be2 Qa5 10. Bd2 Qa4 11. Ra2 Nbc6 12. Nf3 Bd7 13. O-O b6 14. Ng5
Nf5 15. Qh5 h6 16. Nh3 g6 17. Qf3 Kg7 18. Nf4 Rh8 19. Qh3 Qa6 20. g4 Nfe7
21. Ng2 Qc8 22. Qf3 Ng8 23. h4 Nce7 24. Qg3 f5 25. exf6+ Nxf6 26. f3 Qb8 27.
Bf4 Qe8 28. Be5 g5 29. f4 Kg6 30. Bxf6 Kxf6 31. fxg5+ Kg6 32. Nf4+ Kg7 33.
Nh5+ Kg6 34. Rf6+ Kh7 35. Rxh6+ Kg8 36. Nf6+ Kf7 37. Nxe8 Kxe8 38. Rxh8+ Ng8
39. Rxg8+ Kf7 40. Rxa8 Bc6 41. Qf4+ Kg6 42. Qf6+ Kh7 43. Qh6# {Black
checkmated} 1-0

[Event "ICC Open 2015"]
[Site "Internet Chess Club"]
[Date "2015.05.29"]
[Round "2"]
[White "picopico"]
[Black "capaldi"]
[Result "1-0"]
[ICCResult "Black forfeits on time"]
[WhiteElo "1684"]
[BlackElo "1862"]
[Opening "QGD: semi-Slav, Marshall gambit"]
[ECO "D31"]
[NIC "SL.06"]
[Time "14:14:19"]
[TimeControl "180+0"]

1. d4 d5 2. c4 e6 3. Nc3 c6 4. e4 dxe4 5. Nxe4 Bb4+ 6. Bd2 Qxd4 7. Bxb4
Qxe4+ 8. Ne2 Na6 9. Bf8 Ne7 10. Bxg7 Nb4 11. Qd6 Nc2+ 12. Kd2 Nf5 13. Qe5
Qxc4 14. Rc1 Qb4+ 15. Qc3 Nxg7 16. Rxc2 Qxc3+ 17. Rxc3 e5 18. Ng3 Be6 19. a3
O-O-O+ 20. Kc1 f5 21. Be2 Rd4 22. Re1 h5 23. Bd1 h4 24. Nf1 Rhd8 25. Bc2 Bd5
26. f3 Ba2 27. b3 Ne6 28. Kb2 Nf4 29. Kxa2 Rd2 30. Nxd2 Rxd2 31. Rxe5 Nd5
32. Rc5 b6 33. Rxc6+ Kb7 34. Rc4 b5 35. Rc5 {Black forfeits on time} 1-0

[Event "ICC Open 2015"]
[Site "Internet Chess Club"]
[Date "2015.05.29"]
[Round "2"]
[White "Mercury"]
[Black "PajoPatak"]
[Result "1-0"]
[ICCResult "Black resigns"]
[WhiteElo "2461"]
[BlackElo "1425"]
[Opening "Sicilian: Najdorf, Byrne (English) attack"]
[ECO "B90"]
[NIC "SI.14"]
[Time "14:13:36"]
[TimeControl "180+0"]

1. e4 c5 2. Nf3 d6 3. d4 cxd4 4. Nxd4 Nf6 5. Nc3 a6 6. Be3 e5 7. Nb3 Be6 8.
h3 Nbd7 9. g4 h6 10. f4 exf4 11. Bxf4 Ne5 12. Qe2 Be7 13. O-O-O Qc7 14. Nd4
O-O 15. Nf5 Rfc8 16. Kb1 Bf8 17. g5 hxg5 18. Bxg5 Nfd7 19. Rg1 b5 20. Be7
Bxf5 21. Bxf8 Rxf8 22. exf5 Rac8 23. Nd5 Qd8 24. Qg2 g6 25. Bd3 Nxd3 26.
fxg6 f6 27. Rxd3 Ne5 28. Rd4 Nc4 29. g7 Rf7 30. Rh4 Nd2+ 31. Ka1 {Black
resigns} 1-0

[Event "ICC Open 2015"]
[Site "Internet Chess Club"]
[Date "2015.05.29"]
[Round "2"]
[White "BlueJ"]
[Black "playformaximum"]
[Result "0-1"]
[ICCResult "White resigns"]
[WhiteElo "2274"]
[BlackElo "3052"]
[Opening "Nimzo-Indian: Reshevsky variation"]
[ECO "E46"]
[NIC "NI.10"]
[Time "14:14:41"]
[TimeControl "180+0"]

1. d4 Nf6 2. c4 e6 3. Nc3 Bb4 4. e3 O-O 5. Ne2 d5 6. a3 Be7 7. cxd5 exd5 8.
Nf4 c6 9. Bd3 a5 10. O-O Na6 11. f3 Nc7 12. Bc2 Ne6 13. Nxe6 fxe6 14. e4 c5
15. e5 Nh5 16. f4 cxd4 17. Qxh5 Rf5 18. Bxf5 exf5 19. Ne2 Qb6 20. Kh1 Be6
21. Ng3 g6 22. Qe2 Rc8 23. Bd2 Rc2 24. Rab1 Qb3 25. Rfc1 d3 26. Qd1 Bc5 27.
Bc3 Be3 28. Qxd3 Rxc1+ 29. Rxc1 Bxc1 30. Qe2 Bxf4 31. Nf1 Qc4 32. Nd2 Qxe2
{White resigns}
0-1

[Event "ICC Open 2015"]
[Site "Internet Chess Club"]
[Date "2015.05.29"]
[Round "2"]
[White "Romanson-zucker"]
[Black "Lucas"]
[Result "0-1"]
[ICCResult "White forfeits on time"]
[WhiteElo "1935"]
[BlackElo "2510"]
[Opening "Nimzo-Indian: Kmoch variation"]
[ECO "E20"]
[NIC "NI.30"]
[Time "14:13:32"]
[TimeControl "180+0"]

1. d4 Nf6 2. c4 e6 3. Nc3 Bb4 4. f3 d5 5. Bg5 h6 6. Bh4 c6 7. cxd5 Qa5 8.
Bxf6 Bxc3+ 9. bxc3 Qxc3+ 10. Kf2 gxf6 11. dxc6 Nxc6 12. e3 Qa5 13. Bd3 Qg5
14. Ne2 h5 15. h4 Qa5 16. Nf4 e5 17. Ne2 Be6 18. Bc2 Rd8 19. Bb3 exd4 20.
Nxd4 Nxd4 21. exd4 Qb6 22. Re1 Rxd4 23. Qxd4 Qxd4+ 24. Kf1 Ke7 25. Rad1 Qxh4
26. Bxe6 fxe6 27. Rb1 b6 28. Rbc1 Rd8 29. Rc7+ Rd7 30. Rxd7+ Kxd7 31. Rd1+
Ke7 32. Ke2 Qc4+ 33. Kf2 Qxa2+ 34. Kg3 h4+ 35. Kxh4 Qxg2 36. Ra1 Qg5+ 37.
Kh3 Qf5+ 38. Kh4 Qf4+ 39. Kh3 Qxf3+ 40. Kh4 Qe4+ 41. Kh5 Qe5+ 42. Kh6 Qxa1
43. Kg7 Qg1+ {White forfeits on time} 0-1

[Event "ICC Open 2015"]
[Site "Internet Chess Club"]
[Date "2015.05.29"]
[Round "2"]
[White "Pantani"]
[Black "motipen"]
[Result "1-0"]
[ICCResult "Black resigns"]
[WhiteElo "3063"]
[BlackElo "1911"]
[Opening "Pirc: classical (two knights) system"]
[ECO "B08"]
[NIC "PU.10"]
[Time "14:14:38"]
[TimeControl "180+0"]

1. e4 d6 2. d4 Nf6 3. Nc3 g6 4. Nf3 Bg7 5. Be3 c6 6. Qd2 b5 7. Bd3 Nbd7 8.
h3 O-O 9. O-O e5 10. dxe5 dxe5 11. Ne2 Qe7 12. a4 Nc5 13. Ng3 Nxa4 14. b3
Nc5 15. Bh6 Nxd3 16. cxd3 Rd8 17. Bxg7 Kxg7 18. Qc3 Bb7 19. Nxe5 c5 20. Ng4
Rd4 21. Ne2 Rd7 22. Nf4 b4 23. Qb2 Rd4 24. Ra5 Nxg4 25. hxg4 a6 26. Ne2 Rd8
27. Rc1 Kg8 28. Nxd4 Rxd4 29. Raxc5 Rxd3 30. Rc7 Rd1+ 31. Rxd1 Qxc7 32. Qf6
{Black resigns}
1-0

[Event "ICC Open 2015"]
[Site "Internet Chess Club"]
[Date "2015.05.29"]
[Round "2"]
[White "Inmune"]
[Black "Sjelan"]
[Result "1-0"]
[ICCResult "Black resigns"]
[WhiteElo "2954"]
[BlackElo "2221"]
[Opening "QGD Slav: 4.e3"]
[ECO "D11"]
[NIC "SL.01"]
[Time "14:14:18"]
[TimeControl "180+0"]

1. d4 c6 2. c4 d5 3. Nf3 Nf6 4. e3 e6 5. Bd3 Nbd7 6. O-O Bd6 7. Nbd2 O-O 8.
e4 dxe4 9. Nxe4 Nxe4 10. Bxe4 Nf6 11. Bc2 h6 12. Qd3 b6 13. Bd2 Bb7 14. Rad1
Re8 15. Rfe1 Qc7 16. Bc3 Rad8 17. Qe2 c5 18. h3 cxd4 19. Nxd4 a6 20. Nf3 Be7
21. Ne5 Rxd1 22. Rxd1 Rd8 23. Re1 Rc8 24. Nxf7 Qc6 25. Nxh6+ gxh6 26. Qxe6+
Qxe6 27. Rxe6 Kf7 28. Rxb6 Be4 29. Bd1 Bd8 30. Rxa6 Be7 31. Ra7 Kf8 32. Be2
Rd8 33. b4 Bd3 34. Bf3 Bxc4 35. a4 Rd3 36. Be5 Nd5 37. Be2 Nxb4 38. Bxd3
Nxd3 39. Bg7+ Kf7 40. Bxh6 Ke6 41. Be3 Nb4 42. Rxe7+ Kxe7 43. Bc5+ Ke6 44.
Bxb4 {Black resigns} 1-0

[Event "ICC Open 2015"]
[Site "Internet Chess Club"]
[Date "2015.05.29"]
[Round "2"]
[White "olakenn"]
[Black "dafresh"]
[Result "1/2-1/2"]
[ICCResult "Game drawn by repetition"]
[WhiteElo "1636"]
[BlackElo "2269"]
[Opening "Ruy Lopez: Cozio defense"]
[ECO "C60"]
[NIC "RL.04"]
[Time "14:14:00"]
[TimeControl "180+0"]

1. e4 e5 2. Nf3 Nc6 3. Bb5 Nge7 4. O-O g6 5. Re1 Bg7 6. c3 O-O 7. d4 exd4 8.
cxd4 d5 9. e5 Bg4 10. Be3 a6 11. Ba4 Nf5 12. Nc3 Nce7 13. h3 Bxf3 14. Qxf3
c6 15. g4 Nxe3 16. fxe3 f6 17. exf6 Bxf6 18. Qg2 Qd6 19. Bc2 Bg5 20. Kh1
Rae8 21. Rad1 Nc8 22. e4 dxe4 23. Nxe4 Qd8 24. Nxg5 Qxg5 25. Rxe8 Rxe8 26.
Rf1 Nd6 27. Qf3 Qe3 28. Bb3+ Kg7 29. Qf6+ Kh6 30. Qh4+ Kg7 31. Qf6+ Kh6 32.
Qh4+ Kg7 33. Qf6+ {Game drawn by repetition} 1/2-1/2

[Event "ICC Open 2015"]
[Site "Internet Chess Club"]
[Date "2015.05.29"]
[Round "2"]
[White "sibirica"]
[Black "MichelRocard"]
[Result "1-0"]
[ICCResult "Black resigns"]
[WhiteElo "2559"]
[BlackElo "1997"]
[Opening "French: Tarrasch, Guimard variation"]
[ECO "C04"]
[NIC "FR.15"]
[Time "14:14:07"]
[TimeControl "180+0"]

1. e4 e6 2. d4 d5 3. Nd2 Nc6 4. Ngf3 a6 5. c3 f5 6. exf5 exf5 7. Bd3 Nf6 8.
O-O Bd6 9. Re1+ Ne4 10. Qb3 Be6 11. Nxe4 fxe4 12. Bxe4 O-O 13. Bxh7+ Kxh7
14. Rxe6 Rxf3 15. Qc2+ Kg8 16. gxf3 Qh4 17. Rxd6 cxd6 18. Qf5 Re8 19. Bg5
Qh5 20. Qxd5+ Kh8 21. h4 Ne7 22. Qxd6 Nf5 23. Qf4 Re6 24. Qxf5 Rg6 25. Qg4
Qh7 26. Re1 Qg8 27. Qh5+ Rh6 28. Bxh6 gxh6+ 29. Kh1 Qg7 30. Re8+ Kh7 31.
Qf5+ Qg6 32. Re7+ Kh8 33. Qxg6 {Black resigns} 1-0

[Event "ICC Open 2015"]
[Site "Internet Chess Club"]
[Date "2015.05.29"]
[Round "2"]
[White "jensak"]
[Black "Borknagar"]
[Result "0-1"]
[ICCResult "White forfeits on time"]
[WhiteElo "1646"]
[BlackElo "2015"]
[Opening "Scandinavian: Pytel-Wade variation"]
[ECO "B01"]
[NIC "SD.02"]
[Time "14:13:26"]
[TimeControl "180+0"]

1. e4 d5 2. exd5 Qxd5 3. Nc3 Qd6 4. Be2 c6 5. Nf3 Nf6 6. d3 Bg4 7. Bg5 e6 8.
Bh4 Be7 9. Bg3 Qb4 10. Rb1 O-O 11. O-O Nbd7 12. a3 Qa5 13. Nd4 Bxe2 14. Qxe2
Nd5 15. Nxd5 Qxd5 16. c3 Bf6 17. Nf3 Nb6 18. Rbd1 Rfd8 19. Ne5 Nd7 20. d4
Qb5 21. Qxb5 cxb5 22. Nd3 b6 23. Nb4 Rac8 24. Rfe1 a5 25. Nc2 g6 26. d5 Nc5
27. dxe6 Nxe6 28. Kf1 b4 29. axb4 axb4 30. Nxb4 Rxd1 31. Rxd1 Nc5 32. Rd6
Bd8 33. Nd5 b5 34. Nb4 Nb3 35. Ke2 Nc1+ 36. Kd1 Nb3 37. Kc2 Nc5 38. Nc6 Bg5
39. f4 Ne4 40. fxg5 Nxd6 41. Ne7+ Kf8 42. Bxd6 Rc4 43. Bb4 Ke8 44. Nd5 Rg4
45. g3 Rxg5 46. Nf4 Rf5 47. h4 f6 48. Bd6 g5 49. hxg5 fxg5 50. Nh5 Rf2+ 51.
Kb3 g4 52. Nf4 Kd7 53. Be5 Rf3 {White forfeits on time} 0-1

[Event "ICC Open 2015"]
[Site "Internet Chess Club"]
[Date "2015.05.29"]
[Round "2"]
[White "Galaad"]
[Black "olimpus"]
[Result "0-1"]
[ICCResult "White resigns"]
[WhiteElo "2047"]
[BlackElo "2720"]
[Opening "Modern defense: Averbakh system"]
[ECO "A40"]
[NIC "KF.04"]
[Time "14:14:25"]
[TimeControl "180+0"]

1. d4 g6 2. c4 Bg7 3. Nc3 d6 4. e4 e5 5. Be3 exd4 6. Bxd4 Nf6 7. c5 Nc6 8.
Be3 Ng4 9. Bf4 Bd4 10. Nh3 dxc5 11. f3 Ne3 12. Bxe3 Bxe3 13. Qxd8+ Kxd8 14.
Bc4 Be6 15. Bxe6 fxe6 16. Ke2 Bd4 17. Rad1 Ke7 18. Nf4 Rhd8 19. Nd3 a6 20.
Na4 b6 21. b3 Rd7 22. Nab2 Rad8 23. Nc4 b5 24. Na3 Nb4 25. Nxb4 cxb4 26. Nc2
c5 27. Nxd4 Rxd4 28. Rxd4 Rxd4 29. Ke3 e5 30. Rc1 c4 31. f4 Ke6 32. fxe5
Kxe5 33. Rf1 Rxe4+ 34. Kd2 Rf4 35. Re1+ Kd5 36. Re7 Rf2+ 37. Ke3 Rxa2 38.
Rxh7 {White resigns} 0-1

[Event "ICC Open 2015"]
[Site "Internet Chess Club"]
[Date "2015.05.29"]
[Round "2"]
[White "Volkov"]
[Black "Estocolmov"]
[Result "1-0"]
[ICCResult "Black resigns"]
[WhiteElo "3012"]
[BlackElo "2237"]
[Opening "QGD: semi-Slav, Marshall gambit"]
[ECO "D31"]
[NIC "SL.06"]
[Time "14:13:59"]
[TimeControl "180+0"]

1. d4 d5 2. c4 e6 3. Nc3 c6 4. e4 dxe4 5. Nxe4 Bb4+ 6. Bd2 Qxd4 7. Bxb4
Qxe4+ 8. Be2 Na6 9. Ba5 b6 10. Qd6 Bd7 11. Bc3 Nf6 12. Nf3 Rd8 13. Nd2 Qf5
14. Qa3 Nc5 15. O-O a5 16. Nb3 Nxb3 17. Qxb3 Qc5 18. Rad1 O-O 19. Bd4 Qb4
20. Qxb4 axb4 21. Bxb6 Ra8 22. Bc5 Rfc8 23. Bxb4 c5 24. Bc3 Bc6 25. Bxf6
gxf6 26. a3 Rab8 27. Rd2 Rb3 28. Bd1 Rb7 29. b3 Ra8 30. a4 Kg7 31. Bc2 f5
32. f3 Kf6 33. Rfd1 Rc7 34. Kf2 Ke7 35. h4 Kf6 36. Rd8 Rxd8 37. Rxd8 Kg7 38.
Rb8 Kf6 39. Rb6 Bd7 40. a5 Ra7 41. a6 Bc8 42. Rc6 Bxa6 43. Rxc5 Rb7 44. Ra5
Rb6 45. c5 Rc6 46. b4 Bc8 47. Ba4 Rc7 48. c6 Ke7 49. b5 Kd6 50. b6 Rxc6 51.
Bxc6 Kxc6 52. Ra8 Kb7 53. Ra7+ Kxb6 54. Rxf7 Kc6 55. Rxh7 Kd6 56. h5 Ke5 57.
h6 Kf6 58. Rc7 Ba6 59. h7 {Black resigns} 1-0

[Event "ICC Open 2015"]
[Site "Internet Chess Club"]
[Date "2015.05.29"]
[Round "2"]
[White "jugador"]
[Black "Psycho-Cowboy"]
[Result "0-1"]
[ICCResult "White forfeits on time"]
[WhiteElo "1699"]
[BlackElo "2428"]
[Opening "St. George (Baker) defense"]
[ECO "B00"]
[NIC "VO.17"]
[Time "14:13:22"]
[TimeControl "180+0"]

1. e4 a6 2. d4 b5 3. a4 b4 4. c3 a5 5. cxb4 axb4 6. b3 Bb7 7. Bd3 g6 8. Bb2
Bg7 9. f4 c5 10. Nf3 Nc6 11. e5 cxd4 12. Be4 d5 13. exd6 Qxd6 14. O-O Nf6
15. Bxc6+ Bxc6 16. Qxd4 Qxd4+ 17. Nxd4 Ne4 18. Nxc6 Bxb2 19. Ra2 Bf6 20.
Nxb4 O-O 21. Nd5 Bd4+ 22. Kh1 e6 23. Nb4 Rac8 24. Na3 Nf2+ 25. Raxf2 Bxf2
26. Nc4 Bc5 27. Nd3 Bd4 28. a5 Rfd8 29. h3 Kg7 30. Rb1 Bc3 31. Nde5 f6 32.
Nf3 Rd3 33. Nb6 Rb8 34. b4 e5 35. fxe5 fxe5 36. Ng5 Kh6 37. Ne4 Bd4 38. Nc5
Ra3 39. Ncd7 Rd8 40. Nc5 Ra2 41. a6 Bxc5 42. bxc5 Rxa6 43. c6 Ra7 44. Rc1
Rc7 45. Rc5 Rd6 46. Rxe5 Rdxc6 47. Nd5 Rc1+ 48. Kh2 Rf7 49. Ne3 Kg7
{White forfeits on time}
0-1

[Event "ICC Open 2015"]
[Site "Internet Chess Club"]
[Date "2015.05.29"]
[Round "2"]
[White "Prof-chess"]
[Black "hawk12"]
[Result "1-0"]
[ICCResult "Black forfeits on time"]
[WhiteElo "2839"]
[BlackElo "1708"]
[Opening "Ruy Lopez: closed, Flohr-Zaitsev system (Lenzerheide variation)"]
[ECO "C92"]
[NIC "RL.26"]
[Time "14:13:33"]
[TimeControl "180+0"]

1. e4 e5 2. Nf3 Nc6 3. Bb5 a6 4. Ba4 Nf6 5. O-O Be7 6. Re1 b5 7. Bb3 d6 8.
c3 O-O 9. h3 Bb7 10. d4 Re8 11. Nbd2 Bf8 12. Bc2 Qd7 13. a4 exd4 14. cxd4 d5
15. e5 Ne4 16. Nxe4 dxe4 17. Bxe4 Na5 18. axb5 axb5 19. d5 Nc4 20. Rxa8 Bxa8
21. Bf4 Rd8 22. Ng5 h6 23. e6 fxe6 24. Nxe6 Re8 25. Nxc7 Rc8 26. Ne6 Nxb2
27. Qg4 g5 28. Qf5 Qf7 29. Nxf8 Rxf8 30. Qxf7+ Kxf7 31. Be5 Nc4 32. Bc3 Nd6
33. Bf3 Nc4 34. Re6 Rd8 35. Rf6+ Ke8 36. Rxh6 {Black forfeits on time} 1-0

[Event "ICC Open 2015"]
[Site "Internet Chess Club"]
[Date "2015.05.29"]
[Round "2"]
[White "BORIS-51"]
[Black "Kiborg95"]
[Result "0-1"]
[ICCResult "White forfeits on time"]
[WhiteElo "2020"]
[BlackElo "2672"]
[Opening "Pirc defense"]
[ECO "B07"]
[NIC "PU.08"]
[Time "14:13:24"]
[TimeControl "180+0"]

1. e4 d6 2. d4 Nf6 3. Bd3 e5 4. c3 Nc6 5. Ne2 g6 6. O-O Bg7 7. f4 O-O 8.
fxe5 dxe5 9. d5 Ne7 10. h3 c5 11. a4 Ne8 12. Nd2 Bd7 13. Nc4 Nc8 14. a5 Ned6
15. Ne3 f5 16. c4 fxe4 17. Bc2 Nxc4 18. Nxc4 Rxf1+ 19. Qxf1 Bb5 20. Nc3 Ba6
21. Bxe4 Nd6 22. Bd3 e4 23. Be2 Nf5 24. Ne3 Bd4 25. Bxa6 bxa6 26. Qe2 Qg5
27. Nd1 Rf8 28. Qg4 Qh6 29. Ra3 Qg7 30. Kh1 Nxe3 31. Bxe3 Rf1+ 32. Kh2 Be5+
33. g3 h5 34. Qe6+ Kh7 35. Rb3 Rxd1 36. Bxc5 Rd2+ 37. Kh1 Bxg3 38. Rb8 Bxb8
{White forfeits on time}
0-1

[Event "ICC Open 2015"]
[Site "Internet Chess Club"]
[Date "2015.05.29"]
[Round "2"]
[White "Bagelhead"]
[Black "FedoseevVl95"]
[Result "0-1"]
[ICCResult "White forfeits on time"]
[WhiteElo "2331"]
[BlackElo "3117"]
[Opening "Robatsch (modern) defense"]
[ECO "B06"]
[NIC "KF.06"]
[Time "14:13:19"]
[TimeControl "180+0"]

1. e4 g6 2. Nf3 Bg7 3. d4 d6 4. Bd3 Nf6 5. Nbd2 O-O 6. O-O Nc6 7. d5 Nb4 8.
Be2 a5 9. a3 Na6 10. Re1 Nc5 11. Bf1 e6 12. dxe6 Bxe6 13. Nd4 Bg4 14. f3 Bd7
15. Nc4 Re8 16. Bg5 h6 17. Bh4 b5 18. Ne3 Qb8 19. Bf2 Qb6 20. Qd2 Nfxe4 21.
fxe4 Nxe4 22. Nd5 Qc5 23. Rxe4 Rxe4 24. Nf5 Bxf5 25. Bxc5 dxc5 26. c3 c6 27.
Ne3 Be6 28. Bd3 Re5 29. Nf1 Rd8 30. Qc2 f5 31. Be2 a4 32. Rd1 Re8 33. c4 Re4
34. Bd3 Rd4 35. cxb5 Bb3 36. Qc1 Bxd1 37. Bc4+ Kh7 38. bxc6 Rc8 39. Bb5 Bb3
40. h3 c4 41. Qe3 Rd6 42. Qe7 Rdxc6 43. Bxc6 Rxc6 44. Ne3 c3 45. bxc3 Rxc3
46. Qd7 Rxe3 47. Kf2 Re4 48. h4 Re6 49. h5 gxh5 50. Qb5 Rf6 51. Kf3 Kg6 52.
Qd7 Re6 53. Qd8 Bf6 54. Qd3 Re4 55. Qd7 h4 56. Kf2 Kg5 57. Kf3 Rf4+
{White forfeits on time}
0-1

[Event "ICC Open 2015"]
[Site "Internet Chess Club"]
[Date "2015.05.29"]
[Round "2"]
[White "Fivetrick"]
[Black "fireland"]
[Result "0-1"]
[ICCResult "White resigns"]
[WhiteElo "2248"]
[BlackElo "3024"]
[Opening "Réti: King's Indian attack, Spassky's variation"]
[ECO "A05"]
[NIC "QP.11"]
[Time "14:14:24"]
[TimeControl "180+0"]

1. Nf3 Nf6 2. g3 b5 3. Bg2 Bb7 4. O-O e6 5. d4 c5 6. Na3 a6 7. c4 d5 8. cxb5
Nbd7 9. bxa6 Bxa6 10. dxc5 Bxc5 11. Nd4 O-O 12. Nac2 Qb6 13. Rb1 Bc4 14. b3
Rxa2 15. Be3 Ba6 16. b4 Bxd4 17. Bxd4 Qc7 18. b5 Bxb5 19. Rxb5 Rxc2 20. Rb2
Rxb2 21. Bxb2 Rb8 22. Qd2 Qb7 23. Bc3 Rc8 24. Ra1 h6 25. Bd4 Qc6 26. h3 Qc2
27. Qxc2 Rxc2 28. Ra8+ Kh7 29. Ra7 e5 30. Be3 Rxe2 31. Bf1 Re1 32. Kg2 d4
33. Bd2 Rd1 34. Bb4 d3 35. Ra3 e4 36. f3 Ne5 37. fxe4 Nxe4 38. Ra5 f6
{White resigns}
0-1

[Event "ICC Open 2015"]
[Site "Internet Chess Club"]
[Date "2015.05.29"]
[Round "2"]
[White "vicmel"]
[Black "EirikG"]
[Result "0-1"]
[ICCResult "White forfeits on time"]
[WhiteElo "1993"]
[BlackElo "2547"]
[Opening "Sicilian: Labourdonnais-Löwenthal (Kalashnikov) variation"]
[ECO "B32"]
[NIC "SI.32"]
[Time "14:13:20"]
[TimeControl "180+0"]

1. e4 c5 2. Nf3 Nc6 3. d4 cxd4 4. Nxd4 e5 5. Nb5 d6 6. N1c3 a6 7. Na3 b5 8.
Nd5 Nge7 9. c4 Nd4 10. Bd3 Nxd5 11. cxd5 Be7 12. O-O O-O 13. Nc2 Nxc2 14.
Qxc2 Bd7 15. Be3 Bg5 16. Qd2 Bxe3 17. Qxe3 Qb8 18. Rac1 Qb7 19. b4 Rac8 20.
Rxc8 Rxc8 21. Rc1 h6 22. h3 Rc7 23. Qd2 Qc8 24. Rc2 g6 25. Qc1 Rxc2 26. Qxc2
Qb7 27. a3 Qb6 28. Qc3 Kg7 29. Kf1 f5 30. Qb2 Kf6 31. Qc3 Qd4 32. Qxd4 exd4
33. exf5 gxf5 34. f4 Be8 35. Be2 Bf7 36. Bf3 d3 37. Ke1 Be8 38. Kd2 Bd7 39.
Kxd3 Be8 40. Kd4 Bf7 41. g4 Be8 42. h4 Bd7 43. g5+ Kg7 44. Bh5 hxg5 45. hxg5
Kf8 46. Bg6 Kg7 47. Bh5 Kf8 48. Be2 Kg7 49. Bd3 Kf8 50. Be2 Kg7 51. Bf3 Kf8
52. Ke3 Kg7 53. Kf2 Kf8 54. Kg3 Kg7 55. Kh4 Kf8 56. Kh5 Kg7 57. Be2 Be8+ 58.
Kh4 Bd7 59. Bh5 Kf8 60. g6 Kg7 61. Kg5 Bc8 62. Bf3 Bd7 63. Bg2 Be8 64. Bh3
Bxg6 65. Bxf5 Bf7 66. Be6 Be8 67. f5 Kf8 68. f6 a5 69. bxa5 b4 70. axb4 Bb5
71. a6 Bxa6 72. b5 Bxb5 73. Bg8 Bd3 {White forfeits on time} 0-1

[Event "ICC Open 2015"]
[Site "Internet Chess Club"]
[Date "2015.05.29"]
[Round "2"]
[White "saya"]
[Black "chesstempo2"]
[Result "1-0"]
[ICCResult "Black forfeits on time"]
[WhiteElo "2667"]
[BlackElo "2028"]
[Opening "QGD Slav: 4.e3"]
[ECO "D11"]
[NIC "SL.01"]
[Time "14:13:30"]
[TimeControl "180+0"]

1. d4 d5 2. c4 c6 3. Nf3 Nf6 4. e3 e6 5. Bd3 Nbd7 6. O-O dxc4 7. Bxc4 b5 8.
Bb3 a6 9. a4 b4 10. a5 c5 11. Ba4 Qc7 12. Nbd2 Bd6 13. Nc4 O-O 14. Nxd6 Qxd6
15. dxc5 Qxd1 16. Bxd1 Nxc5 17. Bd2 Rb8 18. Nd4 Bd7 19. Rc1 Nd3 20. Rb1 Ne4
21. Be1 Nxe1 22. Rxe1 Rfc8 23. Be2 Rc5 24. Nb3 Rc6 25. Rbc1 Rbc8 26. Rxc6
Rxc6 27. Rd1 Nf6 28. f3 Rc2 29. Rd2 Rc6 30. Kf2 Kf8 31. Rd4 Rc2 32. Rd2 Rc6
33. e4 Ke7 34. g4 Bc8 35. Rd4 Rc2 36. Rd2 Rc6 37. Nd4 Rc5 38. Rc2 Kd6 39.
Rd2 Ke7 40. Nb3 Rc6 41. g5 Nd7 42. Ke3 Ne5 43. h4 Nc4+ 44. Bxc4 Rxc4 45. Nd4
Rc5 46. Rc2 Rxc2 47. Nxc2 b3 48. Nd4 Kd6 49. Nxb3 Kc6 50. Kd4 Kb5 51. Ke5
Kb4 52. Nd4 Kxa5 53. Nc6+ Kb5 54. Na7+ Kb4 55. Nxc8 Kb3 56. Nd6 Kxb2 57.
Nxf7 a5 58. Nd6 a4 59. Nb5 Kb3 60. Kxe6 Kb4 61. Nd4 Kc3 62. Nb5+ Kb4 63. Nc7
Kc3 64. f4 Kb4 65. Nd5+ Kc5 66. f5 a3 67. f6 Kc4 68. f7 {Black forfeits on
time} 1-0

[Event "ICC Open 2015"]
[Site "Internet Chess Club"]
[Date "2015.05.29"]
[Round "2"]
[White "HappyEnding"]
[Black "Danya"]
[Result "0-1"]
[ICCResult "White checkmated"]
[WhiteElo "2293"]
[BlackElo "3072"]
[Opening "King's gambit"]
[ECO "C30"]
[NIC "KG.05"]
[Time "14:14:35"]
[TimeControl "180+0"]

1. e4 e5 2. f4 c6 3. Nf3 d5 4. Nxe5 dxe4 5. Bc4 Nh6 6. Nc3 Bf5 7. Qe2 Nd7 8.
Nxd7 Qxd7 9. Nxe4 O-O-O 10. d3 Bg4 11. Qf2 f5 12. Ng5 Re8+ 13. Be3 Bc5 14.
Be6 Rxe6 15. Nxe6 Qxe6 16. Kd2 Bb4+ 17. c3 Ba5 18. Rhe1 Qd7 19. Bxa7 Rd8 20.
d4 b6 21. h3 Bh5 22. Qh4 Qxd4+ 23. Kc2 Qd3+ 24. Kb3 Bf7+ 25. Ka3 Bb4+ 26.
Kxb4 Qb5+ 27. Ka3 Qa5# {White checkmated} 0-1

[Event "ICC Open 2015"]
[Site "Internet Chess Club"]
[Date "2015.05.29"]
[Round "2"]
[White "chabotheking"]
[Black "Tunkki"]
[Result "1-0"]
[ICCResult "Black checkmated"]
[WhiteElo "2432"]
[BlackElo "1984"]
[Opening "Caro-Kann defense"]
[ECO "B11"]
[NIC "CK.01"]
[Time "14:13:36"]
[TimeControl "180+0"]

1. e4 c6 2. Nc3 d5 3. Qe2 Nf6 4. e5 Nfd7 5. f4 e6 6. g3 c5 7. Bg2 Nc6 8. Nf3
Be7 9. d3 O-O 10. O-O f5 11. exf6 Nxf6 12. Ne5 Nd4 13. Qd1 Bd6 14. Nf3 Nf5
15. Kh1 Qe8 16. Qe1 Qh5 17. Kg1 Bd7 18. Ne5 Bxe5 19. fxe5 Ng4 20. h3 Nge3
21. Bxe3 Nxe3 22. Qxe3 d4 23. Qe2 Qg6 24. Ne4 Bc6 25. Qg4 Qxg4 26. hxg4 b6
27. Nd6 Rxf1+ 28. Rxf1 Bxg2 29. Kxg2 Rd8 30. g5 h6 31. g6 Rd7 32. Rf7 Rxf7
33. Nxf7 Kf8 34. Kf3 Ke7 35. Ke4 Kd7 36. c3 Ke7 37. cxd4 cxd4 38. Kxd4 Kd7
39. Kc4 Kc6 40. Nxh6 Kd7 41. Nf7 Ke7 42. d4 a6 43. d5 b5+ 44. Kc5 a5 45. d6+
Kf8 46. d7 Ke7 47. d8=Q# {Black checkmated} 1-0

[Event "ICC Open 2015"]
[Site "Internet Chess Club"]
[Date "2015.05.29"]
[Round "2"]
[White "Vladimirovich"]
[Black "legatus"]
[Result "1-0"]
[ICCResult "Black forfeits on time"]
[WhiteElo "3281"]
[BlackElo "2387"]
[Opening "Catalan opening"]
[ECO "E00"]
[NIC "CA.01"]
[Time "14:14:34"]
[TimeControl "180+0"]

1. d4 Nf6 2. c4 e6 3. g3 g6 4. Bg2 Bg7 5. e4 O-O 6. Ne2 c5 7. Nbc3 a6 8.
dxc5 Qa5 9. Bf4 Re8 10. Bd6 e5 11. a3 Nc6 12. O-O Qd8 13. Na4 Re6 14. Nb6
Ra7 15. Nd5 Ne8 16. b4 Nxd6 17. cxd6 Rxd6 18. c5 Re6 19. Bh3 Re8 20. Nb6 Nd4
21. Nxd4 exd4 22. Qd3 Qc7 23. f4 d5 24. Nxd5 Qd8 25. Bxc8 Qxc8 26. e5 h6 27.
Qxd4 Qh3 28. Rad1 Raa8 29. Nc7 Rf8 30. Nxa8 Rxa8 31. Qd7 Rf8 32. Qxh3 g5 33.
fxg5 hxg5 34. e6 f5 35. Rd7 g4 36. Qh5 Rf6 37. e7 Rf7 38. e8=B Bf8 39. Rxf5
{Black forfeits on time}
1-0